[ AOE2 MATCH · #477281837 ]
Team RMMagyars vs Teutons
[ REPLAY ANALYSIS · EXTRACTED FROM THE RECORDED GAME ]
Feudal
10:47
Castle
20:03
Imperial
54:47
| APM avg | 18.8 |
| APM peak | 76 |
| eAPM avg | 11.4 |
| Villagers / military | 120 / 40 |
Focus
⚔️ 17.0% · 🌾 83.0%
Magyar Huszar ×38 · Mangonel ×2
Feudal
12:51
Castle
19:32
Imperial
30:56
| APM avg | 16.0 |
| APM peak | 32 |
| eAPM avg | 12.1 |
| Villagers / military | 164 / 126 |
Focus
⚔️ 29.1% · 🌾 70.9%
Knight ×106 · War Elephant ×11 · Trebuchet (Packed) ×8 · Monk ×1
Feudal
11:03
Castle
17:13
Imperial
32:28
| APM avg | 24.6 |
| APM peak | 69 |
| eAPM avg | 12.4 |
| Villagers / military | 82 / 98 |
Focus
⚔️ 15.6% · 🌾 84.4%
Hand Cannoneer ×98
Feudal
11:32
Castle
16:50
Imperial
31:35
| APM avg | 14.3 |
| APM peak | 27 |
| eAPM avg | 10.6 |
| Villagers / military | 304 / 264 |
Focus
⚔️ 23.3% · 🌾 76.7%
Teutonic Knight ×155 · Spearman ×95 · Battering Ram ×11 · Trebuchet (Packed) ×3
Feudal
10:18
Castle
16:00
Imperial
29:05
| APM avg | 17.7 |
| APM peak | 53 |
| eAPM avg | 11.7 |
| Villagers / military | 102 / 385 |
Focus
⚔️ 34.0% · 🌾 66.0%
Tarkan ×384 · Monk ×1
Feudal
11:23
Castle
19:38
Imperial
37:46
| APM avg | 15.8 |
| APM peak | 29 |
| eAPM avg | 11.5 |
| Villagers / military | 235 / 197 |
Focus
⚔️ 31.6% · 🌾 68.4%
Spearman ×131 · Cavalry Archer ×28 · Battering Ram ×21 · Boyar ×17 · Trade Cart ×17
Feudal
12:16
Castle
17:25
Imperial
32:51
| APM avg | 30.0 |
| APM peak | 81 |
| eAPM avg | 13.8 |
| Villagers / military | 106 / 122 |
Focus
⚔️ 30.0% · 🌾 70.0%
Spearman ×92 · Bombard Cannon ×13 · Organ Gun ×11 · Monk ×5 · Petard ×1
Feudal
9:34
Castle
21:07
Imperial
33:09
| APM avg | 10.2 |
| APM peak | 30 |
| eAPM avg | 7.5 |
| Villagers / military | 78 / 80 |
Focus
⚔️ 23.3% · 🌾 76.7%
War Elephant ×66 · Knight ×13 · Trade Cart ×4 · Monk ×1
Match map
Initial resources + every placement click. Lines = walls · curves = elevation contours. ◆ gold · ⬟ stone · ● berries · ✦ relic · ◌ wall gap
Your base· ✓ Closed at 20:03 · 0t walls · 2 gate(s)
tiandaojianhun's base· ✓ Closed at 19:32 · 0t walls · 3 gate(s)
Tsukitech's base· ✓ Closed at 17:13 · 0t walls · 3 gate(s)
nathancouchlfc's base· ✓ Closed at 16:50 · 0t walls · 2 gate(s)
家恒's base· ✓ Closed at 16:00 · 0t walls · 2 gate(s)
AFK47's base· ✓ Closed at 19:38 · 0t walls · 3 gate(s)
顶风尿万丈's base· ✓ Closed at 17:25 · 0t walls · 2 gate(s)
咪猫's base· ✓ Closed at 21:07 · 0t walls · 3 gate(s)
Smoothed initial terrain · ◌ = detected wall gap · hover for details
Inputs per minute
— 喜多川海梦 - - tiandaojianhun
Build order — 喜多川海梦
First 150 of 218 actions detected
| 0:23 | Create | Villager (Male) ×4 |
| 0:23 | Create | Villager (Male) ×4 |
| 0:29 | Build | House |
| 0:29 | Build | House |
| 0:30 | Build | House |
| 1:32 | Create | Villager (Male) |
| 1:54 | Build | House |
| 2:26 | Create | Villager (Male) |
| 2:57 | Create | Villager (Male) |
| 3:18 | Create | Villager (Male) |
| 3:31 | Create | Villager (Male) |
| 4:07 | Create | Villager (Male) |
| 4:21 | Create | Villager (Male) |
| 4:21 | Create | Villager (Male) |
| 4:28 | Create | Villager (Male) |
| 4:29 | Create | Villager (Male) |
| 5:23 | Create | Villager (Male) |
| 5:23 | Create | Villager (Male) |
| 5:23 | Create | Villager (Male) |
| 5:23 | Create | Villager (Male) |
| 6:04 | Create | Villager (Male) |
| 6:04 | Create | Villager (Male) |
| 6:29 | Create | Villager (Male) |
| 6:46 | Create | Villager (Male) |
| 6:47 | Create | Villager (Male) |
| 7:27 | Build | Lumber Camp |
| 7:47 | Build | Mill |
| 8:37 | Research | Feudal Age |
| 9:35 | Build | Mining Camp |
| 10:05 | Create | Villager (Male) |
| 10:05 | Create | Villager (Male) |
| 10:06 | Create | Villager (Male) |
| 10:06 | Create | Villager (Male) |
| 10:28 | Build | House |
| 10:29 | Build | House |
| 10:30 | Build | House |
| 10:30 | Build | House |
| 10:47 | Age | Feudal Age |
| 10:50 | Research | Double-Bit Axe |
| 10:57 | Research | Horse Collar |
| 11:36 | Create | Villager (Male) |
| 11:57 | Create | Villager (Male) |
| 12:17 | Build | House |
| 12:17 | Build | House |
| 12:30 | Create | Villager (Male) |
| 13:11 | Build | Market |
| 13:17 | Build | Mining Camp |
| 13:29 | Build | Blacksmith |
| 13:54 | Create | Villager (Male) |
| 13:54 | Create | Villager (Male) |
| 14:02 | Build | Farm |
| 14:02 | Build | Farm |
| 14:07 | Build | Farm |
| 14:08 | Build | Farm |
| 14:27 | Build | Farm |
| 14:35 | Build | Farm |
| 14:42 | Build | Farm |
| 14:42 | Build | Farm |
| 14:42 | Build | Farm |
| 14:58 | Build | Farm |
| 15:16 | Build | Farm |
| 15:16 | Build | Farm |
| 15:17 | Build | Farm |
| 15:19 | Build | Farm |
| 15:24 | Build | Farm |
| 17:23 | Research | Castle Age |
| 20:03 | Age | Castle Age |
| 20:13 | Build | Castle |
| 20:20 | Build | Town Center |
| 20:23 | Create | Villager (Male) |
| 20:23 | Create | Villager (Male) |
| 20:23 | Create | Villager (Male) |
| 20:24 | Create | Villager (Male) |
| 20:24 | Create | Villager (Male) |
| 20:24 | Create | Villager (Male) |
| 21:54 | Create | Villager (Male) |
| 21:54 | Create | Villager (Male) |
| 21:54 | Create | Villager (Male) |
| 21:55 | Create | Villager (Male) |
| 21:55 | Create | Villager (Male) |
| 22:01 | Build | Town Center |
| 22:06 | Research | Stone Mining |
| 23:02 | Build | Mining Camp |
| 23:08 | Create | Villager (Male) |
| 23:09 | Create | Villager (Male) |
| 23:09 | Create | Villager (Male) |
| 23:09 | Create | Villager (Male) |
| 23:14 | Create | Villager (Male) |
| 23:15 | Create | Villager (Male) |
| 24:00 | Create | Magyar Huszar |
| 24:00 | Create | Magyar Huszar |
| 24:23 | Research | Loom |
| 25:09 | Create | Villager (Male) |
| 25:10 | Create | Villager (Male) |
| 25:10 | Create | Villager (Male) |
| 25:10 | Create | Villager (Male) |
| 25:14 | Create | Villager (Male) |
| 25:14 | Create | Villager (Male) |
| 25:14 | Create | Villager (Male) |
| 25:22 | Research | Gold Mining |
| 25:25 | Research | Heavy Plow |
| 25:27 | Research | Bow Saw |
| 25:41 | Create | Villager (Male) |
| 25:42 | Create | Villager (Male) |
| 25:42 | Create | Villager (Male) |
| 25:42 | Create | Villager (Male) |
| 25:52 | Create | Magyar Huszar |
| 26:12 | Create | Magyar Huszar |
| 26:25 | Research | Corvinian Army |
| 26:52 | Build | Castle |
| 27:08 | Build | Castle |
| 27:15 | Create | Magyar Huszar ×5 |
| 27:15 | Create | Magyar Huszar ×5 |
| 27:15 | Create | Magyar Huszar |
| 27:15 | Create | Magyar Huszar |
| 27:44 | Build | University |
| 28:19 | Create | Magyar Huszar |
| 28:20 | Create | Magyar Huszar |
| 28:20 | Create | Magyar Huszar |
| 28:20 | Create | Magyar Huszar |
| 30:00 | Build | Siege Workshop |
| 32:03 | Build | Town Center |
| 34:16 | Build | Farm |
| 34:16 | Build | Farm |
| 34:16 | Build | Farm |
| 35:29 | Create | Villager (Male) ×5 |
| 35:29 | Create | Villager (Male) ×5 |
| 35:29 | Create | Villager (Male) ×5 |
| 35:36 | Build | Castle |
| 36:15 | Build | Town Center |
| 37:39 | Build | Farm |
| 37:39 | Build | Farm |
| 37:40 | Build | Farm |
| 37:53 | Build | Lumber Camp |
| 37:56 | Create | Villager (Male) |
| 37:56 | Create | Villager (Male) |
| 37:56 | Create | Villager (Male) |
| 38:42 | Build | Farm |
| 38:53 | Build | Farm |
| 38:53 | Build | Farm |
| 39:01 | Create | Villager (Male) |
| 39:01 | Create | Villager (Male) |
| 39:32 | Build | Farm |
| 39:46 | Build | Farm |
| 40:00 | Create | Villager (Male) |
| 40:00 | Create | Villager (Male) |
| 40:01 | Create | Villager (Male) |
| 40:01 | Create | Villager (Male) |
| 40:08 | Build | Farm |
| 40:18 | Build | Farm |
Build order — tiandaojianhun
First 150 of 450 actions detected
| 0:15 | Build | House |
| 0:16 | Build | House |
| 0:17 | Create | Villager (Male) |
| 0:17 | Create | Villager (Male) |
| 0:18 | Create | Villager (Male) |
| 0:18 | Create | Villager (Male) |
| 0:46 | Create | Villager (Male) |
| 0:46 | Create | Villager (Male) |
| 1:49 | Build | Mill |
| 2:02 | Build | Mill |
| 2:07 | Create | Villager (Male) |
| 2:53 | Create | Villager (Male) |
| 2:54 | Create | Villager (Male) |
| 3:35 | Create | Villager (Male) |
| 3:36 | Create | Villager (Male) |
| 3:36 | Create | Villager (Male) |
| 3:37 | Create | Villager (Male) |
| 4:06 | Build | House |
| 4:36 | Build | Lumber Camp |
| 4:41 | Build | House |
| 4:52 | Create | Villager (Male) |
| 4:53 | Create | Villager (Male) |
| 4:53 | Create | Villager (Male) |
| 4:54 | Create | Villager (Male) |
| 5:12 | Build | House |
| 5:23 | Create | Villager (Male) |
| 5:55 | Create | Villager (Male) |
| 6:24 | Create | Villager (Male) |
| 7:08 | Build | Lumber Camp |
| 7:17 | Create | Villager (Male) |
| 7:17 | Create | Villager (Male) |
| 8:25 | Create | Villager (Male) |
| 9:06 | Create | Villager (Male) |
| 9:08 | Create | Villager (Male) |
| 9:47 | Create | Villager (Male) |
| 9:49 | Create | Villager (Male) |
| 10:47 | Research | Feudal Age |
| 10:57 | Build | House |
| 10:58 | Build | House |
| 11:00 | Build | House |
| 11:38 | Build | Mill |
| 11:44 | Build | Farm |
| 11:45 | Build | Farm |
| 11:48 | Build | Farm |
| 11:50 | Build | Farm |
| 12:28 | Build | House |
| 12:51 | Age | Feudal Age |
| 12:56 | Research | Wheelbarrow |
| 12:59 | Research | Double-Bit Axe |
| 13:13 | Create | Villager (Male) |
| 13:13 | Create | Villager (Male) |
| 13:14 | Create | Villager (Male) |
| 13:14 | Create | Villager (Male) |
| 13:45 | Build | Farm |
| 13:46 | Build | Farm |
| 13:47 | Build | Farm |
| 13:49 | Build | Farm |
| 13:55 | Build | Farm |
| 14:24 | Build | Mining Camp |
| 14:36 | Create | Villager (Male) |
| 14:54 | Build | Market |
| 14:59 | Build | Blacksmith |
| 15:05 | Create | Villager (Male) |
| 15:40 | Research | Gold Mining |
| 15:41 | Research | Stone Mining |
| 15:49 | Research | Horse Collar |
| 15:54 | Build | Mining Camp |
| 15:59 | Create | Villager (Male) |
| 16:12 | Create | Villager (Male) |
| 16:25 | Build | Farm |
| 17:06 | Research | Castle Age |
| 17:45 | Build | Farm |
| 17:50 | Build | Farm |
| 17:51 | Build | Farm |
| 17:56 | Build | Farm |
| 17:58 | Build | Farm |
| 19:11 | Create | Villager (Male) |
| 19:11 | Create | Villager (Male) |
| 19:12 | Create | Villager (Male) |
| 19:12 | Create | Villager (Male) |
| 19:12 | Create | Villager (Male) |
| 19:32 | Age | Castle Age |
| 19:45 | Build | Town Center |
| 20:05 | Build | Town Center |
| 20:17 | Research | Bow Saw |
| 20:19 | Research | Stone Shaft Mining |
| 20:30 | Research | Gold Shaft Mining |
| 20:36 | Research | Heavy Plow |
| 20:59 | Build | House |
| 21:06 | Create | Villager (Male) |
| 21:06 | Create | Villager (Male) |
| 21:06 | Create | Villager (Male) |
| 21:07 | Create | Villager (Male) |
| 21:22 | Build | House |
| 21:28 | Create | Villager (Male) |
| 21:33 | Build | Farm |
| 21:35 | Create | Villager (Male) |
| 21:48 | Build | Farm |
| 21:54 | Build | Farm |
| 21:57 | Create | Villager (Male) |
| 21:58 | Create | Villager (Male) |
| 22:03 | Build | Farm |
| 22:13 | Create | Villager (Male) |
| 22:20 | Build | Farm |
| 22:27 | Create | Villager (Male) |
| 22:37 | Build | House |
| 22:38 | Build | House |
| 22:40 | Build | House |
| 22:41 | Build | House |
| 22:47 | Build | Farm |
| 22:49 | Create | Villager (Male) |
| 22:51 | Create | Villager (Male) |
| 22:54 | Create | Villager (Male) |
| 22:57 | Build | Farm |
| 23:09 | Build | Farm |
| 23:17 | Create | Villager (Male) |
| 23:18 | Create | Villager (Male) |
| 23:25 | Build | Farm |
| 23:31 | Build | Farm |
| 23:34 | Create | Villager (Male) |
| 23:43 | Build | University |
| 23:48 | Build | Monastery |
| 23:52 | Create | Villager (Male) |
| 23:53 | Create | Villager (Male) |
| 23:56 | Create | Villager (Male) |
| 24:02 | Build | Farm |
| 24:09 | Build | Farm |
| 24:11 | Create | Villager (Male) |
| 24:12 | Create | Villager (Male) |
| 24:12 | Create | Villager (Male) |
| 24:18 | Create | Villager (Male) |
| 24:21 | Build | Farm |
| 24:26 | Build | Farm |
| 24:28 | Build | Farm |
| 24:31 | Create | Villager (Male) |
| 24:31 | Create | Villager (Male) |
| 24:32 | Create | Villager (Male) |
| 24:38 | Build | House |
| 24:39 | Build | House |
| 24:41 | Build | House |
| 24:47 | Create | Villager (Male) |
| 24:47 | Create | Villager (Male) |
| 24:49 | Create | Villager (Male) |
| 25:07 | Create | Villager (Male) |
| 25:09 | Create | Villager (Male) |
| 25:14 | Build | Farm |
| 25:25 | Create | Villager (Male) |
| 25:25 | Create | Villager (Male) |
| 25:26 | Create | Villager (Male) |
| 25:34 | Create | Villager (Male) |
Build order — Tsukitech
First 150 of 182 actions detected
| 0:03 | Build | House |
| 0:06 | Build | House |
| 0:07 | Create | Villager (Male) |
| 0:08 | Create | Villager (Male) |
| 0:50 | Create | Villager (Male) |
| 1:26 | Create | Villager (Male) |
| 1:57 | Build | Mill |
| 2:01 | Create | Villager (Male) |
| 2:36 | Build | House |
| 2:39 | Create | Villager (Male) |
| 2:50 | Create | Villager (Male) |
| 3:04 | Create | Villager (Male) |
| 3:34 | Create | Villager (Male) |
| 4:17 | Create | Villager (Male) |
| 4:51 | Create | Villager (Male) |
| 5:15 | Create | Villager (Male) |
| 5:28 | Create | Villager (Male) |
| 5:47 | Build | Lumber Camp |
| 5:51 | Create | Villager (Male) |
| 6:19 | Create | Villager (Male) |
| 7:02 | Create | Villager (Male) |
| 7:43 | Create | Villager (Male) |
| 7:49 | Build | House |
| 8:40 | Build | Farm |
| 8:53 | Research | Feudal Age |
| 10:07 | Create | Villager (Male) |
| 10:55 | Create | Villager (Male) |
| 11:03 | Age | Feudal Age |
| 11:35 | Build | Blacksmith |
| 11:58 | Build | Farm |
| 12:22 | Build | Mill |
| 12:29 | Build | Market |
| 12:34 | Build | Farm |
| 12:36 | Build | Farm |
| 12:37 | Build | Farm |
| 13:00 | Build | Mining Camp |
| 13:13 | Create | Villager (Male) |
| 13:42 | Create | Villager (Male) |
| 14:11 | Create | Villager (Male) |
| 14:22 | Build | House |
| 14:33 | Research | Castle Age |
| 15:29 | Research | Fletching |
| 16:40 | Create | Villager (Male) |
| 17:13 | Age | Castle Age |
| 17:56 | Build | Castle |
| 18:06 | Create | Villager (Male) |
| 18:29 | Create | Villager (Male) |
| 18:37 | Build | House |
| 19:07 | Create | Villager (Male) |
| 19:19 | Create | Villager (Male) |
| 19:40 | Build | Farm |
| 19:41 | Build | Farm |
| 19:42 | Build | Farm |
| 19:54 | Build | Barracks |
| 20:04 | Research | Grand Trunk Road |
| 20:08 | Build | Farm |
| 20:10 | Build | Farm |
| 20:11 | Create | Villager (Male) |
| 20:12 | Create | Villager (Male) |
| 20:39 | Research | Double-Bit Axe |
| 21:12 | Create | Villager (Male) |
| 21:14 | Create | Villager (Male) |
| 21:47 | Build | Town Center |
| 22:02 | Build | Farm |
| 22:20 | Build | Farm |
| 22:45 | Create | Villager (Male) |
| 22:56 | Create | Villager (Male) |
| 22:57 | Create | Villager (Male) |
| 22:57 | Create | Villager (Male) |
| 23:18 | Build | University |
| 23:25 | Build | Farm |
| 23:49 | Create | Villager (Male) ×5 |
| 24:18 | Build | Farm |
| 24:22 | Create | Villager (Male) ×5 |
| 24:26 | Build | Farm |
| 24:31 | Research | Horse Collar |
| 25:02 | Build | Town Center |
| 25:12 | Create | Villager (Male) ×4 |
| 25:22 | Build | Farm |
| 25:27 | Build | Farm |
| 25:29 | Build | Farm |
| 25:32 | Build | Farm |
| 25:42 | Build | Farm |
| 25:52 | Build | Farm |
| 25:59 | Build | Farm |
| 26:36 | Build | Farm |
| 26:37 | Build | Farm |
| 26:43 | Build | Farm |
| 27:04 | Create | Villager (Male) ×5 |
| 27:24 | Build | Farm |
| 27:28 | Build | Farm |
| 27:36 | Research | Fortified Wall (upgrade) |
| 27:46 | Build | Farm |
| 28:10 | Create | Villager (Male) ×5 |
| 28:16 | Build | Farm |
| 28:28 | Research | Bodkin Arrow |
| 28:53 | Build | Farm |
| 29:18 | Research | Imperial Age |
| 29:22 | Build | Farm |
| 29:41 | Create | Villager (Male) ×5 |
| 29:48 | Build | House |
| 29:49 | Build | House |
| 29:51 | Build | House |
| 29:52 | Build | House |
| 30:39 | Build | Archery Range |
| 30:41 | Build | Archery Range |
| 30:43 | Build | Archery Range |
| 30:50 | Build | Farm |
| 31:06 | Create | Villager (Male) ×5 |
| 31:57 | Research | Ballistics |
| 32:05 | Build | Mining Camp |
| 32:17 | Research | Bow Saw |
| 32:21 | Research | Heavy Plow |
| 32:28 | Age | Imperial Age |
| 32:33 | Research | Chemistry |
| 32:39 | Create | Villager (Male) ×5 |
| 33:10 | Research | Bracer |
| 34:23 | Build | Archery Range |
| 34:23 | Build | Archery Range |
| 34:25 | Build | Archery Range |
| 34:35 | Research | Conscription |
| 34:48 | Create | Hand Cannoneer ×5 |
| 34:48 | Create | Hand Cannoneer ×5 |
| 34:49 | Create | Hand Cannoneer ×5 |
| 34:49 | Create | Hand Cannoneer ×5 |
| 34:50 | Create | Hand Cannoneer |
| 35:32 | Build | House |
| 35:33 | Build | House |
| 35:35 | Build | House |
| 35:37 | Build | House |
| 35:49 | Build | House |
| 35:51 | Build | House |
| 35:52 | Build | House |
| 35:53 | Build | House |
| 35:54 | Build | House |
| 35:55 | Build | House |
| 36:36 | Create | Hand Cannoneer ×5 |
| 36:36 | Create | Hand Cannoneer ×5 |
| 36:46 | Create | Hand Cannoneer ×5 |
| 36:46 | Create | Hand Cannoneer ×5 |
| 37:08 | Build | House |
| 37:10 | Build | House |
| 37:11 | Build | House |
| 37:12 | Build | House |
| 37:13 | Build | House |
| 37:15 | Build | House |
| 37:23 | Research | Padded Archer Armor |
| 38:44 | Build | Castle |
| 39:22 | Create | Hand Cannoneer ×5 |
| 39:22 | Create | Hand Cannoneer ×5 |
Build order — nathancouchlfc
First 150 of 388 actions detected
| 0:02 | Create | Villager (Male) ×4 |
| 0:02 | Create | Villager (Male) ×4 |
| 0:07 | Build | House |
| 0:08 | Build | House |
| 0:10 | Build | House |
| 0:11 | Build | House |
| 1:41 | Create | Villager (Male) |
| 1:41 | Create | Villager (Male) |
| 2:09 | Create | Villager (Male) |
| 2:09 | Create | Villager (Male) |
| 2:09 | Create | Villager (Male) |
| 2:09 | Create | Villager (Male) |
| 2:38 | Create | Villager (Male) |
| 2:38 | Create | Villager (Male) |
| 3:07 | Create | Villager (Male) |
| 3:07 | Create | Villager (Male) |
| 3:08 | Create | Villager (Male) |
| 3:38 | Build | Mill |
| 3:45 | Create | Villager (Male) |
| 3:45 | Create | Villager (Male) |
| 4:07 | Create | Villager (Male) |
| 4:07 | Create | Villager (Male) |
| 4:38 | Create | Villager (Male) |
| 4:38 | Create | Villager (Male) |
| 4:50 | Create | Villager (Male) |
| 4:50 | Create | Villager (Male) |
| 5:24 | Create | Villager (Male) |
| 5:24 | Create | Villager (Male) |
| 5:24 | Create | Villager (Male) |
| 6:13 | Build | Lumber Camp |
| 6:17 | Create | Villager (Male) |
| 6:17 | Create | Villager (Male) |
| 6:49 | Create | Villager (Male) |
| 6:49 | Create | Villager (Male) |
| 6:49 | Create | Villager (Male) |
| 6:50 | Create | Villager (Male) |
| 6:50 | Create | Villager (Male) |
| 6:50 | Create | Villager (Male) |
| 7:49 | Build | House |
| 7:54 | Build | House |
| 7:57 | Build | House |
| 9:02 | Research | Feudal Age |
| 9:21 | Build | Mill |
| 9:30 | Build | Mining Camp |
| 10:05 | Create | Villager (Male) |
| 10:05 | Create | Villager (Male) |
| 10:05 | Create | Villager (Male) |
| 10:05 | Create | Villager (Male) |
| 10:06 | Create | Villager (Male) |
| 10:06 | Create | Villager (Male) |
| 10:29 | Build | Farm |
| 10:30 | Build | Farm |
| 10:31 | Build | Farm |
| 11:32 | Age | Feudal Age |
| 11:51 | Research | Double-Bit Axe |
| 11:55 | Research | Horse Collar |
| 12:07 | Build | Market |
| 13:18 | Build | Blacksmith |
| 13:26 | Build | Blacksmith |
| 13:31 | Create | Villager (Male) |
| 14:00 | Build | Farm |
| 14:00 | Build | Farm |
| 14:01 | Build | Farm |
| 14:02 | Build | Farm |
| 14:02 | Build | Farm |
| 14:07 | Create | Villager (Male) |
| 14:10 | Research | Castle Age |
| 14:35 | Build | Farm |
| 14:36 | Build | Farm |
| 14:37 | Build | Farm |
| 14:37 | Build | Farm |
| 14:38 | Build | Farm |
| 14:45 | Build | Farm |
| 14:46 | Build | Farm |
| 14:52 | Build | Farm |
| 15:03 | Research | Forging |
| 15:04 | Research | Scale Mail Armor |
| 15:47 | Create | Villager (Male) |
| 15:47 | Create | Villager (Male) |
| 15:47 | Create | Villager (Male) |
| 15:48 | Create | Villager (Male) |
| 15:48 | Create | Villager (Male) |
| 15:48 | Create | Villager (Male) |
| 15:48 | Create | Villager (Male) |
| 15:59 | Research | Gold Mining |
| 16:04 | Build | Mining Camp |
| 16:26 | Create | Villager (Male) |
| 16:26 | Create | Villager (Male) |
| 16:26 | Create | Villager (Male) |
| 16:26 | Create | Villager (Male) |
| 16:50 | Age | Castle Age |
| 16:57 | Research | Bow Saw |
| 16:57 | Research | Bow Saw |
| 17:07 | Build | Town Center |
| 17:23 | Build | House |
| 17:26 | Build | House |
| 17:27 | Build | House |
| 17:49 | Create | Villager (Male) ×5 |
| 18:21 | Research | Heavy Plow |
| 18:57 | Create | Villager (Male) ×4 |
| 18:57 | Create | Villager (Male) ×4 |
| 19:06 | Build | Town Center |
| 19:38 | Research | Stone Mining |
| 19:51 | Build | House |
| 19:52 | Build | House |
| 19:53 | Build | House |
| 20:00 | Create | Villager (Male) ×3 |
| 20:00 | Create | Villager (Male) ×3 |
| 20:13 | Build | Barracks |
| 20:31 | Create | Villager (Male) ×3 |
| 20:31 | Create | Villager (Male) ×3 |
| 20:50 | Build | Farm |
| 20:55 | Build | Farm |
| 21:03 | Create | Villager (Male) ×4 |
| 21:03 | Create | Villager (Male) ×4 |
| 21:14 | Build | Farm |
| 21:20 | Create | Villager (Male) |
| 21:20 | Create | Villager (Male) |
| 21:28 | Build | Farm |
| 21:33 | Create | Villager (Male) |
| 21:33 | Create | Villager (Male) |
| 21:36 | Create | Villager (Male) |
| 21:36 | Create | Villager (Male) |
| 21:44 | Create | Villager (Male) |
| 21:44 | Create | Villager (Male) |
| 21:50 | Build | Farm |
| 21:51 | Build | Farm |
| 22:01 | Create | Villager (Male) ×2 |
| 22:02 | Create | Villager (Male) ×2 |
| 22:08 | Build | Farm |
| 22:12 | Create | Villager (Male) |
| 22:13 | Create | Villager (Male) |
| 22:22 | Build | Farm |
| 22:23 | Build | Farm |
| 22:24 | Build | Farm |
| 22:28 | Create | Villager (Male) |
| 22:28 | Create | Villager (Male) |
| 22:29 | Create | Villager (Male) |
| 22:37 | Build | Siege Workshop |
| 22:44 | Create | Villager (Male) ×3 |
| 22:44 | Create | Villager (Male) ×3 |
| 22:53 | Build | Farm |
| 22:54 | Build | Farm |
| 22:55 | Build | Farm |
| 23:01 | Create | Villager (Male) |
| 23:02 | Create | Villager (Male) |
| 23:10 | Create | Villager (Male) |
| 23:15 | Create | Villager (Male) |
| 23:15 | Create | Villager (Male) |
| 23:15 | Create | Villager (Male) |
Build order — 家恒
First 150 of 325 actions detected
| 0:07 | Create | Villager (Male) |
| 0:08 | Create | Villager (Male) |
| 0:08 | Create | Villager (Male) |
| 0:08 | Create | Villager (Male) |
| 0:09 | Create | Villager (Male) |
| 1:50 | Create | Villager (Male) |
| 1:53 | Create | Villager (Male) |
| 2:27 | Create | Villager (Male) |
| 2:45 | Create | Villager (Male) |
| 3:10 | Create | Villager (Male) |
| 3:23 | Build | Mill |
| 3:32 | Create | Villager (Male) |
| 4:15 | Create | Villager (Male) |
| 4:47 | Create | Villager (Male) |
| 4:51 | Create | Villager (Male) |
| 5:05 | Build | Lumber Camp |
| 5:09 | Create | Villager (Male) |
| 5:46 | Create | Villager (Male) |
| 6:27 | Create | Villager (Male) |
| 6:53 | Create | Villager (Male) |
| 7:18 | Create | Villager (Male) |
| 7:42 | Create | Villager (Male) |
| 8:08 | Research | Feudal Age |
| 10:18 | Age | Feudal Age |
| 10:19 | Create | Villager (Male) |
| 10:29 | Build | Farm |
| 10:29 | Build | Farm |
| 10:29 | Build | Farm |
| 10:32 | Create | Villager (Male) |
| 11:25 | Build | Market |
| 11:26 | Build | Blacksmith |
| 11:29 | Create | Villager (Male) |
| 11:57 | Create | Villager (Male) |
| 12:24 | Create | Villager (Male) |
| 12:55 | Create | Villager (Male) |
| 13:14 | Research | Castle Age |
| 13:14 | Research | Castle Age |
| 13:57 | Build | Farm |
| 13:57 | Build | Farm |
| 13:57 | Build | Farm |
| 13:57 | Build | Farm |
| 14:45 | Build | Farm |
| 14:45 | Build | Farm |
| 14:45 | Build | Farm |
| 14:46 | Build | Farm |
| 14:53 | Build | Mining Camp |
| 16:00 | Age | Castle Age |
| 16:01 | Create | Villager (Male) |
| 16:05 | Build | Town Center |
| 16:18 | Build | Town Center |
| 16:20 | Create | Villager (Male) |
| 16:36 | Create | Villager (Male) |
| 16:48 | Create | Villager (Male) |
| 17:10 | Create | Villager (Male) |
| 17:26 | Research | Double-Bit Axe |
| 17:28 | Research | Horse Collar |
| 17:40 | Create | Villager (Male) |
| 17:40 | Create | Villager (Male) |
| 17:51 | Create | Villager (Male) |
| 17:52 | Create | Villager (Male) |
| 18:06 | Create | Villager (Male) |
| 18:14 | Research | Bow Saw |
| 18:16 | Research | Heavy Plow |
| 18:18 | Create | Villager (Male) |
| 18:27 | Build | Farm |
| 18:40 | Create | Villager (Male) |
| 18:42 | Create | Villager (Male) |
| 18:57 | Create | Villager (Male) |
| 19:10 | Build | Farm |
| 19:10 | Build | Farm |
| 19:10 | Build | Farm |
| 19:11 | Build | Farm |
| 19:14 | Create | Villager (Male) |
| 19:23 | Create | Villager (Male) |
| 19:28 | Build | Monastery |
| 19:33 | Create | Villager (Male) |
| 19:41 | Build | Farm |
| 19:42 | Build | Farm |
| 19:46 | Create | Villager (Male) |
| 19:56 | Create | Villager (Male) |
| 20:09 | Create | Villager (Male) |
| 20:12 | Build | Farm |
| 20:20 | Build | Farm |
| 20:21 | Create | Villager (Male) |
| 20:28 | Create | Villager (Male) |
| 20:32 | Create | Monk |
| 20:36 | Build | Farm |
| 20:45 | Build | Farm |
| 20:45 | Build | Farm |
| 20:50 | Create | Villager (Male) |
| 20:51 | Create | Villager (Male) |
| 20:58 | Create | Villager (Male) |
| 21:12 | Create | Villager (Male) |
| 21:14 | Create | Villager (Male) |
| 21:15 | Create | Villager (Male) |
| 21:37 | Create | Villager (Male) |
| 21:37 | Create | Villager (Male) |
| 21:37 | Create | Villager (Male) |
| 21:38 | Create | Villager (Male) |
| 21:45 | Build | Mining Camp |
| 21:49 | Build | Farm |
| 21:49 | Build | Farm |
| 21:50 | Build | Farm |
| 21:50 | Build | Farm |
| 21:53 | Create | Villager (Male) |
| 21:55 | Create | Villager (Male) |
| 21:58 | Create | Villager (Male) |
| 22:21 | Create | Villager (Male) |
| 22:22 | Create | Villager (Male) |
| 22:24 | Create | Villager (Male) |
| 22:43 | Create | Villager (Male) |
| 22:44 | Create | Villager (Male) |
| 22:49 | Create | Villager (Male) |
| 22:55 | Build | Mill |
| 22:56 | Build | Farm |
| 22:57 | Build | Farm |
| 22:57 | Build | Farm |
| 22:57 | Build | Farm |
| 22:58 | Build | Farm |
| 22:59 | Build | Farm |
| 22:59 | Build | Farm |
| 23:00 | Build | Farm |
| 23:00 | Build | Farm |
| 23:11 | Create | Villager (Male) |
| 23:13 | Create | Villager (Male) |
| 23:16 | Create | Villager (Male) |
| 23:18 | Create | Villager (Male) |
| 23:27 | Create | Villager (Male) |
| 23:41 | Build | Lumber Camp |
| 23:44 | Create | Villager (Male) |
| 23:49 | Create | Villager (Male) |
| 24:11 | Create | Villager (Male) |
| 24:14 | Create | Villager (Male) |
| 24:15 | Create | Villager (Male) |
| 24:25 | Build | Mining Camp |
| 24:29 | Create | Villager (Male) |
| 24:32 | Create | Villager (Male) |
| 24:44 | Build | University |
| 24:49 | Build | Lumber Camp |
| 25:09 | Create | Villager (Male) |
| 25:10 | Create | Villager (Male) |
| 25:13 | Create | Villager (Male) |
| 25:55 | Research | Imperial Age |
| 25:57 | Create | Villager (Male) |
| 25:57 | Create | Villager (Male) |
| 25:57 | Create | Villager (Male) |
| 25:59 | Create | Villager (Male) |
| 25:59 | Create | Villager (Male) |
| 26:00 | Create | Villager (Male) |
| 26:06 | Build | Barracks |
Build order — AFK47
First 150 of 370 actions detected
| 0:05 | Build | House |
| 0:06 | Build | House |
| 0:07 | Build | House |
| 0:12 | Create | Villager (Male) |
| 0:12 | Create | Villager (Male) |
| 0:12 | Create | Villager (Male) |
| 0:13 | Create | Villager (Male) |
| 0:13 | Create | Villager (Male) |
| 1:50 | Create | Villager (Male) |
| 1:51 | Create | Villager (Male) |
| 1:51 | Research | Loom |
| 1:52 | Research | Loom |
| 2:20 | Create | Villager (Male) |
| 2:21 | Create | Villager (Male) |
| 2:30 | Build | Lumber Camp |
| 3:06 | Create | Villager (Male) |
| 3:06 | Create | Villager (Male) |
| 3:06 | Create | Villager (Male) |
| 3:06 | Create | Villager (Male) |
| 3:56 | Create | Villager (Male) |
| 3:57 | Create | Villager (Male) |
| 5:03 | Create | Villager (Male) ×4 |
| 5:03 | Create | Villager (Male) ×4 |
| 6:18 | Create | Villager (Male) |
| 7:07 | Create | Villager (Male) |
| 7:07 | Create | Villager (Male) |
| 7:07 | Create | Villager (Male) |
| 7:08 | Create | Villager (Male) |
| 7:08 | Create | Villager (Male) |
| 7:14 | Build | House |
| 8:22 | Build | Mill |
| 8:40 | Build | Mill |
| 9:08 | Research | Feudal Age |
| 9:09 | Research | Feudal Age |
| 9:30 | Create | Villager (Male) |
| 9:30 | Create | Villager (Male) |
| 9:46 | Build | House |
| 9:49 | Build | House |
| 10:20 | Build | Mining Camp |
| 10:24 | Build | House |
| 11:01 | Build | Mining Camp |
| 11:12 | Create | Villager (Male) |
| 11:12 | Create | Villager (Male) |
| 11:13 | Create | Villager (Male) |
| 11:23 | Age | Feudal Age |
| 11:28 | Build | House |
| 11:42 | Research | Horse Collar |
| 11:45 | Research | Double-Bit Axe |
| 11:50 | Create | Villager (Male) |
| 11:50 | Create | Villager (Male) |
| 12:33 | Build | Market |
| 12:40 | Create | Villager (Male) |
| 12:41 | Create | Villager (Male) |
| 12:47 | Research | Stone Mining |
| 13:05 | Build | Farm |
| 13:08 | Build | Farm |
| 13:11 | Build | Farm |
| 13:13 | Build | Farm |
| 13:23 | Build | Farm |
| 13:30 | Build | Farm |
| 14:28 | Build | Farm |
| 14:33 | Create | Villager (Male) |
| 14:33 | Create | Villager (Male) |
| 14:33 | Create | Villager (Male) |
| 14:51 | Create | Villager (Male) |
| 14:51 | Create | Villager (Male) |
| 15:16 | Build | Blacksmith |
| 15:20 | Build | Farm |
| 15:26 | Build | Farm |
| 15:33 | Build | Farm |
| 15:37 | Build | Farm |
| 15:40 | Create | Villager (Male) |
| 15:40 | Create | Villager (Male) |
| 15:45 | Research | Wheelbarrow |
| 16:25 | Build | Lumber Camp |
| 16:31 | Build | Farm |
| 16:58 | Research | Castle Age |
| 17:00 | Build | Farm |
| 17:19 | Build | Farm |
| 17:29 | Research | Scale Mail Armor |
| 18:14 | Build | Barracks |
| 18:26 | Research | Forging |
| 18:27 | Research | Fletching |
| 18:28 | Research | Padded Archer Armor |
| 18:40 | Build | House |
| 18:55 | Build | House |
| 19:19 | Create | Villager (Male) ×5 |
| 19:25 | Research | Gold Mining |
| 19:38 | Age | Castle Age |
| 19:40 | Research | Bow Saw |
| 20:20 | Research | Pikeman (upgrade) |
| 20:21 | Research | Squires |
| 20:22 | Create | Spearman |
| 20:23 | Create | Spearman |
| 20:23 | Create | Spearman |
| 20:23 | Create | Spearman |
| 20:54 | Build | Town Center |
| 21:04 | Create | Villager (Male) |
| 21:05 | Create | Villager (Male) |
| 21:15 | Research | Heavy Plow |
| 21:51 | Research | Chain Mail Armor |
| 22:00 | Create | Spearman ×4 |
| 22:01 | Create | Spearman |
| 22:13 | Build | Town Center |
| 22:30 | Build | Town Center |
| 22:37 | Build | Farm |
| 22:40 | Build | Farm |
| 22:41 | Build | Farm |
| 22:44 | Build | Farm |
| 22:46 | Build | Farm |
| 23:51 | Build | Siege Workshop |
| 23:58 | Create | Villager (Male) |
| 23:58 | Create | Villager (Male) |
| 23:59 | Create | Villager (Male) ×5 |
| 24:02 | Create | Villager (Male) ×5 |
| 24:02 | Create | Villager (Male) ×5 |
| 24:18 | Build | House |
| 24:40 | Build | House |
| 24:52 | Create | Villager (Male) ×5 |
| 24:53 | Create | Villager (Male) ×3 |
| 24:53 | Create | Villager (Male) ×3 |
| 25:48 | Build | Lumber Camp |
| 26:03 | Build | House |
| 26:16 | Build | Palisade Wall |
| 26:22 | Create | Spearman |
| 26:22 | Create | Spearman |
| 26:22 | Create | Spearman |
| 26:22 | Create | Spearman |
| 26:28 | Create | Villager (Male) ×5 |
| 26:28 | Create | Villager (Male) ×5 |
| 26:42 | Build | Archery Range |
| 27:12 | Create | Battering Ram |
| 27:13 | Create | Battering Ram |
| 27:32 | Create | Battering Ram |
| 27:32 | Create | Battering Ram |
| 27:37 | Create | Spearman |
| 27:37 | Create | Spearman |
| 27:37 | Create | Spearman |
| 27:38 | Create | Spearman |
| 28:02 | Build | Castle |
| 28:09 | Create | Villager (Male) ×5 |
| 28:09 | Create | Villager (Male) ×5 |
| 28:13 | Build | House |
| 28:15 | Build | House |
| 28:17 | Build | House |
| 28:18 | Build | House |
| 28:19 | Build | House |
| 28:20 | Build | House |
| 29:01 | Build | Mining Camp |
| 29:17 | Build | Town Center |
Build order — 顶风尿万丈
First 150 of 413 actions detected
| 0:03 | Create | Villager (Male) |
| 0:03 | Create | Villager (Male) |
| 0:04 | Create | Villager (Male) |
| 0:04 | Create | Villager (Male) |
| 0:09 | Build | House |
| 0:10 | Build | House |
| 0:12 | Build | House |
| 1:02 | Build | House |
| 1:04 | Build | House |
| 1:30 | Create | Villager (Male) |
| 2:17 | Build | Mill |
| 2:30 | Create | Villager (Male) |
| 2:57 | Create | Villager (Male) |
| 2:57 | Create | Villager (Male) |
| 2:57 | Create | Villager (Male) |
| 3:32 | Create | Villager (Male) |
| 3:45 | Create | Villager (Male) |
| 3:56 | Create | Villager (Male) |
| 4:10 | Create | Villager (Male) |
| 4:25 | Create | Villager (Male) |
| 4:55 | Create | Villager (Male) |
| 5:18 | Create | Villager (Male) |
| 5:29 | Build | Lumber Camp |
| 5:49 | Create | Villager (Male) |
| 5:49 | Create | Villager (Male) |
| 6:14 | Create | Villager (Male) |
| 6:32 | Build | Lumber Camp |
| 6:47 | Create | Villager (Male) |
| 6:52 | Build | House |
| 6:53 | Build | House |
| 8:24 | Create | Villager (Male) |
| 8:25 | Create | Villager (Male) |
| 8:25 | Create | Villager (Male) |
| 8:58 | Build | Mining Camp |
| 9:07 | Build | Mining Camp |
| 9:33 | Create | Villager (Male) |
| 10:06 | Research | Feudal Age |
| 11:04 | Build | Barracks |
| 12:16 | Age | Feudal Age |
| 12:29 | Build | Market |
| 12:38 | Build | Farm |
| 12:38 | Build | Farm |
| 12:40 | Build | Farm |
| 12:41 | Build | Farm |
| 12:42 | Build | Farm |
| 12:47 | Build | Mill |
| 13:01 | Build | Blacksmith |
| 13:43 | Build | House |
| 13:44 | Build | House |
| 14:45 | Research | Castle Age |
| 14:59 | Create | Spearman |
| 15:00 | Create | Spearman |
| 15:05 | Create | Spearman |
| 16:07 | Research | Wheelbarrow |
| 16:11 | Research | Double-Bit Axe |
| 16:15 | Create | Spearman |
| 16:31 | Build | House |
| 16:32 | Build | House |
| 16:38 | Research | Horse Collar |
| 16:48 | Build | Farm |
| 16:49 | Build | Farm |
| 16:51 | Build | Farm |
| 16:52 | Build | Farm |
| 16:55 | Build | Farm |
| 16:57 | Build | Farm |
| 17:21 | Research | Town Watch |
| 17:25 | Age | Castle Age |
| 17:31 | Create | Villager (Male) |
| 17:32 | Create | Villager (Male) |
| 17:32 | Create | Villager (Male) |
| 17:39 | Build | House |
| 17:41 | Build | House |
| 18:05 | Build | Monastery |
| 18:27 | Create | Spearman |
| 18:28 | Create | Spearman |
| 18:41 | Create | Monk |
| 18:42 | Create | Monk |
| 18:52 | Build | House |
| 19:00 | Create | Villager (Male) |
| 19:00 | Create | Villager (Male) |
| 19:42 | Build | Castle |
| 20:06 | Build | Siege Workshop |
| 20:18 | Create | Villager (Male) |
| 20:19 | Create | Villager (Male) |
| 20:25 | Research | Hand Cart |
| 20:38 | Create | Monk |
| 20:47 | Research | Loom |
| 21:17 | Create | Villager (Male) |
| 21:18 | Create | Villager (Male) |
| 21:41 | Create | Petard |
| 21:43 | Build | Mining Camp |
| 21:59 | Build | Farm |
| 22:01 | Build | Farm |
| 22:02 | Build | Farm |
| 22:03 | Build | Farm |
| 22:08 | Create | Villager (Male) |
| 22:08 | Create | Villager (Male) |
| 22:22 | Create | Organ Gun |
| 22:23 | Create | Organ Gun |
| 22:41 | Create | Villager (Male) |
| 22:42 | Create | Villager (Male) |
| 23:16 | Create | Organ Gun |
| 24:55 | Create | Organ Gun |
| 25:23 | Create | Organ Gun |
| 25:23 | Create | Organ Gun |
| 25:23 | Create | Organ Gun |
| 25:40 | Build | Castle |
| 26:00 | Create | Villager (Male) |
| 26:00 | Create | Villager (Male) |
| 26:01 | Create | Villager (Male) |
| 26:01 | Create | Villager (Male) |
| 26:11 | Build | Town Center |
| 26:35 | Build | Farm |
| 26:35 | Build | Farm |
| 26:37 | Build | Farm |
| 26:38 | Create | Villager (Male) |
| 26:38 | Create | Villager (Male) |
| 26:39 | Create | Villager (Male) |
| 26:42 | Research | Heavy Plow |
| 28:18 | Build | Mining Camp |
| 28:29 | Build | Farm |
| 28:32 | Build | Farm |
| 28:36 | Build | Farm |
| 29:20 | Build | Farm |
| 29:29 | Build | University |
| 29:41 | Research | Imperial Age |
| 29:43 | Create | Villager (Male) |
| 29:44 | Create | Villager (Male) |
| 29:44 | Create | Villager (Male) |
| 29:45 | Create | Villager (Male) |
| 29:45 | Create | Villager (Male) |
| 30:07 | Build | Mining Camp |
| 31:12 | Create | Organ Gun |
| 31:12 | Create | Organ Gun |
| 31:13 | Create | Organ Gun |
| 31:13 | Create | Organ Gun |
| 31:58 | Build | Town Center |
| 32:08 | Build | Mining Camp |
| 32:11 | Create | Villager (Male) |
| 32:12 | Create | Villager (Male) |
| 32:12 | Create | Villager (Male) |
| 32:12 | Create | Villager (Male) |
| 32:15 | Build | Lumber Camp |
| 32:44 | Build | Castle |
| 32:51 | Age | Imperial Age |
| 33:13 | Create | Villager (Male) |
| 33:13 | Create | Villager (Male) |
| 33:14 | Create | Villager (Male) |
| 33:14 | Create | Villager (Male) |
| 33:27 | Create | Villager (Male) |
Build order — 咪猫
First 150 of 226 actions detected
| 0:13 | Create | Villager (Male) |
| 0:51 | Build | House |
| 1:11 | Create | Villager (Male) |
| 1:11 | Create | Villager (Male) |
| 1:37 | Create | Villager (Male) |
| 1:37 | Create | Villager (Male) |
| 1:50 | Build | Mill |
| 2:45 | Research | Loom |
| 3:04 | Create | Villager (Male) |
| 3:21 | Build | House |
| 4:00 | Create | Villager (Male) |
| 4:00 | Create | Villager (Male) |
| 4:07 | Create | Villager (Male) |
| 4:19 | Create | Villager (Male) |
| 4:33 | Build | Farm |
| 5:35 | Build | Lumber Camp |
| 5:43 | Build | Farm |
| 6:18 | Build | Farm |
| 7:30 | Research | Feudal Age |
| 9:22 | Create | Villager (Male) |
| 9:34 | Age | Feudal Age |
| 9:35 | Research | Wheelbarrow |
| 10:03 | Build | House |
| 10:44 | Build | Blacksmith |
| 10:54 | Create | Villager (Male) |
| 11:54 | Build | Mining Camp |
| 12:09 | Create | Villager (Male) |
| 12:59 | Build | Barracks |
| 13:04 | Create | Villager (Male) |
| 13:04 | Create | Villager (Male) |
| 13:05 | Create | Villager (Male) |
| 13:05 | Create | Villager (Male) |
| 13:05 | Create | Villager (Male) |
| 14:26 | Create | Villager (Male) |
| 14:26 | Create | Villager (Male) |
| 14:37 | Build | Farm |
| 14:54 | Create | Villager (Male) |
| 15:08 | Build | House |
| 15:36 | Build | House |
| 16:05 | Build | House |
| 16:10 | Create | Villager (Male) |
| 16:24 | Build | Farm |
| 16:44 | Build | House |
| 16:57 | Build | Farm |
| 17:17 | Build | Market |
| 17:46 | Build | Stable |
| 17:56 | Build | Farm |
| 18:42 | Research | Castle Age |
| 19:10 | Build | Archery Range |
| 19:16 | Create | Villager (Male) |
| 19:17 | Create | Villager (Male) |
| 19:50 | Build | Farm |
| 21:07 | Age | Castle Age |
| 21:25 | Build | Monastery |
| 21:55 | Build | Town Center |
| 22:03 | Create | Villager (Male) |
| 22:26 | Create | Villager (Male) |
| 22:29 | Build | Farm |
| 22:40 | Create | Monk |
| 22:58 | Build | Mining Camp |
| 23:01 | Create | Villager (Male) |
| 23:01 | Create | Villager (Male) |
| 23:01 | Create | Villager (Male) |
| 23:01 | Create | Villager (Male) |
| 23:02 | Create | Villager (Male) |
| 23:02 | Create | Villager (Male) |
| 23:02 | Create | Villager (Male) |
| 23:02 | Create | Villager (Male) |
| 23:03 | Create | Villager (Male) |
| 24:42 | Build | Mining Camp |
| 24:48 | Research | Hand Cart |
| 24:57 | Create | Villager (Male) |
| 24:57 | Create | Villager (Male) |
| 25:17 | Build | Farm |
| 25:30 | Create | Villager (Male) |
| 25:37 | Build | Farm |
| 26:04 | Build | Mill |
| 26:16 | Build | Farm |
| 26:23 | Build | Farm |
| 26:39 | Build | Farm |
| 26:53 | Research | Double-Bit Axe |
| 26:57 | Build | Farm |
| 27:09 | Create | Villager (Male) |
| 27:09 | Create | Villager (Male) |
| 27:10 | Create | Villager (Male) |
| 27:10 | Create | Villager (Male) |
| 27:40 | Create | Villager (Male) |
| 27:40 | Create | Villager (Male) |
| 27:40 | Create | Villager (Male) |
| 27:40 | Create | Villager (Male) |
| 27:41 | Create | Villager (Male) |
| 27:46 | Build | House |
| 28:12 | Build | University |
| 28:32 | Build | House |
| 28:57 | Build | Farm |
| 29:26 | Build | House |
| 29:42 | Build | Siege Workshop |
| 29:51 | Build | Castle |
| 30:19 | Build | Farm |
| 30:23 | Research | Imperial Age |
| 31:15 | Build | House |
| 31:21 | Research | Masonry |
| 31:46 | Build | House |
| 32:25 | Research | Murder Holes |
| 32:31 | Research | Ballistics |
| 33:09 | Age | Imperial Age |
| 33:23 | Research | Stone Mining |
| 33:25 | Research | Gold Mining |
| 33:29 | Research | Horse Collar |
| 33:34 | Create | Villager (Male) |
| 33:34 | Create | Villager (Male) |
| 33:35 | Create | Villager (Male) |
| 33:35 | Create | Villager (Male) |
| 33:35 | Create | Villager (Male) |
| 33:38 | Create | Villager (Male) |
| 33:39 | Create | Villager (Male) |
| 33:39 | Create | Villager (Male) |
| 33:39 | Create | Villager (Male) |
| 33:39 | Create | Villager (Male) |
| 34:07 | Build | Farm |
| 34:22 | Build | Farm |
| 34:31 | Build | Farm |
| 34:48 | Build | Farm |
| 34:57 | Build | Castle |
| 35:10 | Build | House |
| 35:54 | Research | Cavalier (upgrade) |
| 36:33 | Build | House |
| 37:07 | Research | Gold Shaft Mining |
| 37:12 | Research | Stone Shaft Mining |
| 37:25 | Build | Farm |
| 38:36 | Research | Caravan |
| 38:37 | Research | Coinage |
| 38:37 | Research | Guilds |
| 38:39 | Create | Trade Cart |
| 38:39 | Create | Trade Cart |
| 38:40 | Create | Trade Cart |
| 38:40 | Create | Trade Cart |
| 38:56 | Build | Stable |
| 39:16 | Create | War Elephant ×3 |
| 39:16 | Create | War Elephant ×3 |
| 39:16 | Create | War Elephant ×3 |
| 39:34 | Build | Stable |
| 39:35 | Build | Stable |
| 39:37 | Build | Stable |
| 40:13 | Research | Elite War Elephant (upgrade) |
| 40:14 | Create | War Elephant |
| 40:14 | Create | War Elephant |
| 40:26 | Create | Villager (Male) |
| 40:26 | Create | Villager (Male) |
| 40:27 | Create | Villager (Male) |
Match timeline
| 9:34 | 咪猫 · age_up feudal |
| 10:18 | 家恒 · age_up feudal |
| 10:47 | 喜多川海梦 · age_up feudal |
| 11:03 | Tsukitech · age_up feudal |
| 11:04 | 顶风尿万丈 · first_building Barracks |
| 11:23 | AFK47 · age_up feudal |
| 11:32 | nathancouchlfc · age_up feudal |
| 12:16 | 顶风尿万丈 · age_up feudal |
| 12:38 | 家恒 · first_market_sell 100 wood |
| 12:45 | 家恒 · first_market_buy 100 food |
| 12:51 | tiandaojianhun · age_up feudal |
| 12:59 | 咪猫 · first_building Barracks |
| 16:00 | 家恒 · age_up castle |
| 16:50 | nathancouchlfc · age_up castle |
| 17:13 | Tsukitech · age_up castle |
| 17:22 | Tsukitech · first_market_sell 100 food |
| 17:25 | 顶风尿万丈 · age_up castle |
| 17:27 | Tsukitech · first_market_buy 100 stone |
| 17:46 | 咪猫 · first_building Stable |
| 17:56 | Tsukitech · first_building Castle |
| 18:05 | 顶风尿万丈 · first_building Monastery |
| 18:14 | AFK47 · first_building Barracks |
| 19:10 | 咪猫 · first_building Archery Range |
| 19:28 | 家恒 · first_building Monastery |
| 19:32 | tiandaojianhun · age_up castle |
| 19:38 | AFK47 · age_up castle |
| 19:42 | 顶风尿万丈 · first_building Castle |
| 19:54 | Tsukitech · first_building Barracks |
| 20:03 | 喜多川海梦 · age_up castle |
| 20:06 | 顶风尿万丈 · first_building Siege Workshop |
| 20:13 | 喜多川海梦 · first_building Castle |
| 20:13 | nathancouchlfc · first_building Barracks |
| 21:07 | 咪猫 · age_up castle |
| 21:13 | 喜多川海梦 · first_market_sell 100 wood |
| 21:18 | 喜多川海梦 · first_market_buy 100 stone |
| 21:25 | 咪猫 · first_building Monastery |
| 22:37 | nathancouchlfc · first_building Siege Workshop |
| 23:48 | tiandaojianhun · first_building Monastery |
| 23:51 | AFK47 · first_building Siege Workshop |
| 25:37 | nathancouchlfc · first_building Castle |
| 26:06 | 家恒 · first_building Barracks |
| 26:16 | AFK47 · wall_segment Palisade Wall x1 |
| 26:42 | AFK47 · first_building Archery Range |
| 27:44 | 家恒 · first_building Castle |
| 27:54 | 家恒 · first_building Stable |
| 28:02 | AFK47 · first_building Castle |
| 28:40 | tiandaojianhun · first_building Barracks |
| 29:05 | 家恒 · age_up imperial |
| 29:42 | 咪猫 · first_building Siege Workshop |
| 29:51 | 咪猫 · first_building Castle |
| 30:00 | 喜多川海梦 · first_building Siege Workshop |
| 30:04 | tiandaojianhun · first_building Stable |
| 30:39 | Tsukitech · first_building Archery Range |
| 30:39 | tiandaojianhun · first_building Castle |
| 30:56 | tiandaojianhun · age_up imperial |
| 31:35 | nathancouchlfc · age_up imperial |
| 32:28 | Tsukitech · age_up imperial |
| 32:40 | tiandaojianhun · first_market_sell 500 wood |
| 32:51 | 顶风尿万丈 · age_up imperial |
| 33:09 | 咪猫 · age_up imperial |
| 35:23 | 咪猫 · tribute_sent a jugador 1 |
| 35:23 | 咪猫 · tribute_sent a jugador 2 |
| 35:23 | 咪猫 · tribute_sent a jugador 3 |
| 35:23 | 咪猫 · tribute_sent a jugador 4 |
| 35:23 | 咪猫 · tribute_sent a jugador 5 |
| 35:23 | 咪猫 · tribute_sent a jugador 6 |
| 35:23 | 咪猫 · tribute_sent a jugador 7 |
| 35:41 | AFK47 · first_building Stable |
| 37:46 | AFK47 · age_up imperial |
| 38:40 | 顶风尿万丈 · wall_segment Stone Wall x2 |
| 40:05 | 顶风尿万丈 · wall_segment Stone Wall x2 |
| 40:07 | 家恒 · tribute_sent a jugador 1 |
| 40:07 | 家恒 · tribute_sent a jugador 2 |
| 40:07 | 家恒 · tribute_sent a jugador 3 |
| 40:07 | 家恒 · tribute_sent a jugador 5 |
| 40:07 | 家恒 · tribute_sent a jugador 6 |
| 40:07 | 家恒 · tribute_sent a jugador 7 |
| 40:07 | 家恒 · tribute_sent a jugador 8 |
| 40:25 | 顶风尿万丈 · wall_segment Stone Wall x1 |
| 41:54 | 咪猫 · wall_segment Stone Wall x1 |
| 42:11 | 咪猫 · wall_segment Stone Wall x15 |
| 42:19 | 咪猫 · wall_segment Stone Wall x1 |
| 43:52 | 咪猫 · first_market_buy 100 food |
| 44:59 | AFK47 · first_market_buy 100 wood |
| 45:17 | 咪猫 · wall_segment Stone Wall x6 |
| 48:36 | 咪猫 · wall_segment Stone Wall x8 |
| 48:39 | 咪猫 · wall_segment Stone Wall x8 |
| 51:34 | 咪猫 · wall_segment Stone Wall x1 |
| 51:37 | 咪猫 · wall_segment Stone Wall x1 |
| 53:04 | nathancouchlfc · wall_segment Stone Wall x27 |
| 54:16 | Tsukitech · wall_segment Stone Wall x17 |
| 54:20 | Tsukitech · wall_segment Stone Wall x10 |
| 54:47 | 喜多川海梦 · age_up imperial |
| 55:35 | 咪猫 · first_market_sell 500 wood |
| 57:01 | 喜多川海梦 · resign |
[ AI ANALYSIS · 1 CREDIT ]
What really happened in this match?
Wolo.gg analyzes every decision: build order, eco, micro, common mistakes by bracket. Personalized analysis on WhatsApp or Discord in 30 seconds.
Civ guide
Magyars
Map guide
Arena
Perfil
Jugador #23317708